MLB
OTTAWA LYNX @ NEW YORK (A) YANKEES
05/21/2042
 
TOP OF THE 1ST
Ottawa Lynx batting - Pitching for New York (A) Yankees : RHP Víctor Vela
Pitching: RHP Víctor Vela
Batting: LHB Sergio Martínez 0-0: Ball
1-0: Fly out, F7 (Flyball, 78M, EV 96.9 MPH)
Batting: RHB Pat Harris 0-0: Ball
1-0: Foul Ball, location: 23FF
1-1: Ball
2-1: Foul Ball, location: 9LSF
2-2: Ball
3-2: Foul Ball, location: 3F
3-2: Strikes out swinging
Batting: LHB Ed Harris 0-0: Ground out 1-3 (Groundball, 34S, EV 61.3 MPH)
Top of the 1st over - 0 runs, 0 hits, 0 errors, 0 left on base; Ottawa 0 - New York (A) 0
BOTTOM OF THE 1ST
New York (A) Yankees batting - Pitching for Ottawa Lynx : LHP José Cortéz
Pitching: LHP José Cortéz
Batting: LHB Johnny Erwin 0-0: Ball
1-0: Foul Ball, location: 25F
1-1: Ball
2-1: DOUBLE (Line Drive, 9LM, EV 104.4 MPH)
Batting: RHB Tony Bórquez 0-0: Ball
1-0: Ball
2-0: Foul Ball, location: 3FF
2-1: Ball
3-1: Ground out 4-3 (Groundball, 4, EV 88.1 MPH)
Johnny Erwin to third
Batting: LHB Derek Allen 0-0: Called Strike
0-1: Swinging Strike
0-2: Strikes out looking
Batting: LHB Bob Armstrong 0-0: Ground out 4-3 (Groundball, 4D, EV 90.0 MPH)
Bottom of the 1st over - 0 runs, 1 hit, 0 errors, 1 left on base; Ottawa 0 - New York (A) 0
TOP OF THE 2ND
Ottawa Lynx batting - Pitching for New York (A) Yankees : RHP Víctor Vela
Batting: LHB Dan Chipman 0-0: Called Strike
0-1: Foul Ball, location: 2F
0-2: Foul Ball, location: 3F
0-2: Strikes out looking
Batting: LHB Mike Hyde 0-0: Ball
1-0: Swinging Strike
1-1: Foul Ball, location: 2F
1-2: Strikes out swinging
Batting: RHB Sam Campbell 0-0: Ball
1-0: Ball
2-0: Called Strike
2-1: Foul Ball, location: 25F
2-2: Ground out U3 (Groundball, 3, EV 107.5 MPH)
Top of the 2nd over - 0 runs, 0 hits, 0 errors, 0 left on base; Ottawa 0 - New York (A) 0
BOTTOM OF THE 2ND
New York (A) Yankees batting - Pitching for Ottawa Lynx : LHP José Cortéz
Batting: RHB Gene Russell 0-0: Called Strike
0-1: Fly out, F8 (Flyball, 8LD, EV 105.6 MPH)
Batting: RHB Ron Washington 0-0: Called Strike
0-1: Ball
1-1: Ball
2-1: Called Strike
2-2: Ball
3-2: Foul Ball, location: 9LMF
3-2: Foul Ball, location: 23F
3-2: Base on Balls
Batting: RHB Juan Colón 0-0: Ball
1-0: Ball
2-0: Called Strike
2-1: Ball
3-1: SINGLE (Groundball, 6MD, EV 95.6 MPH)
Ron Washington to second
Runner from 2nd tries for 3rd, OUT! 8-5
Juan Colón to second
Batting: RHB Benjamim Futscher 0-0: Called Strike
0-1: Ground out 4-3 (Groundball, 4, EV 101.9 MPH)
Bottom of the 2nd over - 0 runs, 1 hit, 0 errors, 1 left on base; Ottawa 0 - New York (A) 0
TOP OF THE 3RD
Ottawa Lynx batting - Pitching for New York (A) Yankees : RHP Víctor Vela
Batting: LHB Stan Hogan 0-0: Ball
1-0: Ball
2-0: Ball
3-0: Fly out, F7 (Flyball, 7D, EV 99.4 MPH)
Batting: LHB Bob Lester 0-0: Foul Ball, location: 2F
0-1: Ball
1-1: Called Strike
1-2: Foul Ball, location: 3F
1-2: Hit by Pitch
Batting: LHB Marc Richardson 0-0: Ball
1-0: SINGLE (Line Drive, 6D, EV 99.4 MPH)
Bob Lester to second
Batting: LHB Sergio Martínez 0-0: Swinging Strike
0-1: Grounds into double play, 1-4-3 (Groundball, 15S, EV 77.5 MPH)
Top of the 3rd over - 0 runs, 1 hit, 0 errors, 1 left on base; Ottawa 0 - New York (A) 0
BOTTOM OF THE 3RD
New York (A) Yankees batting - Pitching for Ottawa Lynx : LHP José Cortéz
Batting: RHB Sandro Ayala 0-0: Called Strike
0-1: Fly out, F6 (Line Drive, 6, EV 71.9 MPH)
Batting: LHB Johnny Erwin 0-0: Ball
1-0: Swinging Strike
1-1: Ball
2-1: Foul Ball, location: 2F
2-2: Ball
3-2: SINGLE (Groundball, 34D, EV 101.9 MPH)
Batting: RHB Tony Bórquez 0-0: Ball
1-0: Grounds into double play, 6-4-3 (Groundball, 6, EV 104.4 MPH)
Bottom of the 3rd over - 0 runs, 1 hit, 0 errors, 0 left on base; Ottawa 0 - New York (A) 0
TOP OF THE 4TH
Ottawa Lynx batting - Pitching for New York (A) Yankees : RHP Víctor Vela
Batting: RHB Pat Harris 0-0: Ball
1-0: Ball
2-0: Ball
3-0: Called Strike
3-1: Foul Ball, location: 2F
3-2: Base on Balls
Batting: LHB Ed Harris 0-0: Called Strike
0-1: Foul Ball, location: 7LDF
0-2: Ball
1-2: Foul Ball, location: 7LSF
1-2: Fly out, F9 (Line Drive, 89M, EV 91.3 MPH)
Batting: LHB Dan Chipman 0-0: Ball
1-0: Called Strike
1-1: Ball
2-1: Fly out, F8 (Flyball, 8RD, EV 105.0 MPH)
Batting: LHB Mike Hyde 0-0: Foul Ball, location: 2F
0-1: Fly out, F9 (Flyball, 9D, EV 87.5 MPH)
Top of the 4th over - 0 runs, 0 hits, 0 errors, 1 left on base; Ottawa 0 - New York (A) 0
BOTTOM OF THE 4TH
New York (A) Yankees batting - Pitching for Ottawa Lynx : LHP José Cortéz
Batting: LHB Derek Allen 0-0: Ball
1-0: Foul Ball, location: 23F
1-1: SINGLE (Groundball, 13, EV 67.5 MPH) (infield hit)
Batting: LHB Bob Armstrong 0-0: Called Strike
0-1: Ball
1-1: Ball
2-1: Ball
3-1: Swinging Strike
3-2: Fly out, F8 (Flyball, 8LXD, EV 105.6 MPH)
Runner from 1st tags up, SAFE at 2nd
Batting: RHB Gene Russell 0-0: Ball
1-0: Foul Ball, location: 2F
1-1: Called Strike
1-2: Ball
2-2: Ground out U3 (Groundball, 34, EV 88.8 MPH)
Derek Allen to third
Batting: RHB Ron Washington 0-0: Called Strike
0-1: Called Strike
0-2: Foul Ball, location: 23F
0-2: Ball
1-2: Foul Ball, location: 9LMF
1-2: Ball
2-2: Ball
3-2: Ground out 1-3 (Groundball, 15S, EV 66.9 MPH)
Bottom of the 4th over - 0 runs, 1 hit, 0 errors, 1 left on base; Ottawa 0 - New York (A) 0
TOP OF THE 5TH
Ottawa Lynx batting - Pitching for New York (A) Yankees : RHP Víctor Vela
Batting: RHB Sam Campbell 0-0: Foul Ball, location: 9LMF
0-1: Ball
1-1: Ball
2-1: Swinging Strike
2-2: Foul Ball, location: 5FF
2-2: Ball
3-2: Ground out 5-3 (Groundball, 56, EV 90.6 MPH)
Batting: LHB Stan Hogan 0-0: Called Strike
0-1: Ball
1-1: Swinging Strike
1-2: Ball
2-2: Foul Ball, location: 7LDF
2-2: Strikes out swinging
Batting: LHB Bob Lester 0-0: Called Strike
0-1: Called Strike
0-2: Foul Ball, location: 5DF
0-2: Foul Ball, location: 2F
0-2: Fly out, F4 (Line Drive, 4, EV 68.1 MPH)
Top of the 5th over - 0 runs, 0 hits, 0 errors, 0 left on base; Ottawa 0 - New York (A) 0
BOTTOM OF THE 5TH
New York (A) Yankees batting - Pitching for Ottawa Lynx : LHP José Cortéz
Batting: RHB Juan Colón 0-0: Foul Ball, location: 2F
0-1: Ball
1-1: Ball
2-1: Swinging Strike
2-2: Foul Ball, location: 3F
2-2: Ball
3-2: Foul Ball, location: 9LDF
3-2: Base on Balls
Batting: RHB Benjamim Futscher 0-0: Foul Ball, location: 2F
0-1: Foul Ball, location: 9LSF
0-2: Ball
1-2: Ball
2-2: Ball
3-2: Base on Balls
Juan Colón to second
Batting: RHB Sandro Ayala 0-0: Ball
1-0: Ball
2-0: Ball
3-0: Called Strike
3-1: Bunted foul
3-2: Base on Balls
Juan Colón to third
Benjamim Futscher to second
Batting: LHB Johnny Erwin 0-0: Grounds into fielders choice 3-2 (Groundball, 34S, EV 70.6 MPH)
Benjamim Futscher to third
Sandro Ayala to second
Batting: RHB Tony Bórquez 0-0: Ball
1-0: Called Strike
1-1: Ball
2-1: Ball
3-1: Called Strike
3-2: Base on Balls
Benjamim Futscher scores
Sandro Ayala to third
Johnny Erwin to second
Batting: LHB Derek Allen 0-0: Called Strike
0-1: Called Strike
0-2: Ball
1-2: SINGLE (Flyball, 4D, EV 85.6 MPH)
Sandro Ayala scores
Johnny Erwin to third
Tony Bórquez to second
Runner from 3rd tries for Home, SAFE, throw by RF to home
Batting: LHB Bob Armstrong 0-0: Swinging Strike
0-1: Ball
1-1: Ball
2-1: Foul Ball, location: 2F
2-2: Fielders Choice at 2nd, 6-4 (Groundball, 6S, EV 80.0 MPH)
Tony Bórquez to third
Batting: RHB Gene Russell 0-0: Ball
Bob Armstrong is caught stealing 2nd base 2-4
Bottom of the 5th over - 3 runs, 1 hit, 0 errors, 1 left on base; Ottawa 0 - New York (A) 3
TOP OF THE 6TH
Ottawa Lynx batting - Pitching for New York (A) Yankees : RHP Víctor Vela
Batting: LHB Marc Richardson 0-0: Ball
1-0: Ball
2-0: Ball
3-0: Base on Balls
Batting: LHB Sergio Martínez 0-0: Ball
1-0: SINGLE (Groundball, 34, EV 88.8 MPH) (infield hit)
Marc Richardson to second
Batting: RHB Pat Harris 0-0: Foul Ball, location: 23FF
0-1: Foul Ball, location: 3FF
0-2: Strikes out swinging
Batting: LHB Ed Harris 0-0: SINGLE (Flyball, 6D, EV 87.5 MPH)
Marc Richardson to third
Sergio Martínez to second
Batting: LHB Dan Chipman 0-0: Ball
1-0: Called Strike
1-1: Called Strike
1-2: DOUBLE (Flyball, 78D, EV 98.1 MPH)
Marc Richardson scores
Sergio Martínez scores
Ed Harris to third
Runner from 3rd tries for Home, throw by LF and OUT! 7-6-2
Dan Chipman to third
Batting: LHB Mike Hyde 0-0: Ball
1-0: Swinging Strike
1-1: Foul Ball, location: 7LDF
1-2: Ball
2-2: Strikes out swinging
Top of the 6th over - 2 runs, 3 hits, 0 errors, 1 left on base; Ottawa 2 - New York (A) 3
BOTTOM OF THE 6TH
New York (A) Yankees batting - Pitching for Ottawa Lynx : LHP José Cortéz
Pitching: RHP Lonnie Cook
Batting: RHB Gene Russell 0-0: Swinging Strike
0-1: Ball
1-1: Foul Ball, location: 2F
1-2: Foul Ball, location: 7LSF
1-2: Ball
2-2: Strikes out swinging, 2-3 out at first.
Batting: RHB Ron Washington 0-0: Ground out 5-3 (Groundball, 56S, EV 70.0 MPH)
Batting: RHB Juan Colón 0-0: Ball
1-0: Ball
2-0: Foul Ball, location: 2F
2-1: Ball
3-1: Ground out 6-3 (Groundball, 6D, EV 105.6 MPH)
Bottom of the 6th over - 0 runs, 0 hits, 0 errors, 0 left on base; Ottawa 2 - New York (A) 3
TOP OF THE 7TH
Ottawa Lynx batting - Pitching for New York (A) Yankees : RHP Víctor Vela
Batting: RHB Sam Campbell 0-0: Swinging Strike
0-1: Fly out, F7 (Flyball, 7LMF, EV 97.5 MPH)
Batting: LHB Stan Hogan 0-0: Swinging Strike
0-1: Foul Ball, location: 5F
0-2: Foul Ball, location: 2LF
0-2: Ball
1-2: Ground out 4-3 (Groundball, 4, EV 99.4 MPH)
Batting: LHB Bob Lester 0-0: Ball
1-0: Ground out 5-3 (Groundball, 5S, EV 70.0 MPH)
Top of the 7th over - 0 runs, 0 hits, 0 errors, 0 left on base; Ottawa 2 - New York (A) 3
BOTTOM OF THE 7TH
New York (A) Yankees batting - Pitching for Ottawa Lynx : RHP Lonnie Cook
Batting: RHB Benjamim Futscher 0-0: Called Strike
0-1: Called Strike
0-2: Foul Ball, location: 2F
0-2: Foul Ball, location: 23F
0-2: Foul Ball, location: 23F
0-2: Ground out 5-3 (Groundball, 5, EV 104.4 MPH)
Batting: RHB Sandro Ayala 0-0: Ball
1-0: Called Strike
1-1: Called Strike
1-2: Ball
2-2: Strikes out swinging
Batting: LHB Johnny Erwin 0-0: Called Strike
0-1: Ball
1-1: Ball
2-1: Ball
3-1: Called Strike
3-2: Foul Ball, location: 7LSF
3-2: Base on Balls
Pitching: RHP Tim Fowler
Batting: RHB Tony Bórquez 0-0: Ball
1-0: Swinging Strike
1-1: Swinging Strike
1-2: Foul Ball, location: 2F
1-2: Ball
2-2: Ball
3-2: Ground out 4-3 (Groundball, 34, EV 105.6 MPH)
Bottom of the 7th over - 0 runs, 0 hits, 0 errors, 1 left on base; Ottawa 2 - New York (A) 3
TOP OF THE 8TH
Ottawa Lynx batting - Pitching for New York (A) Yankees : RHP Víctor Vela
Pitching: RHP Joe Knight
Batting: LHB Marc Richardson 0-0: Ball
1-0: Ball
2-0: Called Strike
2-1: Ball
3-1: Called Strike
3-2: Foul Ball, location: 2F
3-2: Strikes out swinging
Batting: LHB Sergio Martínez 0-0: Ground out 4-3 (Groundball, 4, EV 76.9 MPH)
Batting: RHB Pat Harris 0-0: Ball
1-0: Ball
2-0: Called Strike
2-1: Foul Ball, location: 2F
2-2: Fly out, F8 (Flyball, 8LM, EV 91.3 MPH)
Top of the 8th over - 0 runs, 0 hits, 0 errors, 0 left on base; Ottawa 2 - New York (A) 3
BOTTOM OF THE 8TH
New York (A) Yankees batting - Pitching for Ottawa Lynx : RHP Tim Fowler
Batting: LHB Derek Allen 0-0: Ground out 5-3 (Groundball, 25, EV 81.9 MPH)
Batting: LHB Bob Armstrong 0-0: Ball
1-0: Ball
2-0: Called Strike
2-1: Fly out, F9 (Line Drive, 9, EV 102.5 MPH)
Batting: RHB Gene Russell 0-0: Ball
1-0: Ground out 4-3 (Groundball, 4, EV 82.5 MPH)
Bottom of the 8th over - 0 runs, 0 hits, 0 errors, 0 left on base; Ottawa 2 - New York (A) 3
TOP OF THE 9TH
Ottawa Lynx batting - Pitching for New York (A) Yankees : RHP Joe Knight
Pitching: RHP Jim Yates
Batting: LHB Ed Harris 0-0: Foul Ball, location: 7LDF
0-1: Called Strike
0-2: Strikes out swinging
Batting: LHB Dan Chipman 0-0: Ball
1-0: Called Strike
1-1: Swinging Strike
1-2: Ball
2-2: Ball
3-2: Strikes out looking
Batting: LHB Mike Hyde 0-0: Called Strike
0-1: Fly out, F9 (Flyball, 9LD, EV 105.0 MPH)
Top of the 9th over - 0 runs, 0 hits, 0 errors, 0 left on base; Ottawa 2 - New York (A) 3
Friday, May 3rd , 2024 - OOTP Baseball 24.10 Build 82